 Dungeon Crawl Stone Soup version 0.25-a0-591-g2ad0d86 (webtiles) character file.

Game seed: 11850499480878075859, levelgen mode: deterministic

190 robertstho the Shield-Bearer (level 6, 0/48 HPs)
             Began as a Formicid Fighter on Mar 13, 2020.
             Slain by a centaur
             ... wielding a cursed -2 shortbow
              (3 damage)
             ... on level 3 of the Dungeon.
             The game lasted 00:03:17 (1686 turns).

robertstho the Shield-Bearer (Formicid Fighter)     Turns: 1686, Time: 00:03:17

Health: 0/48       AC:  7    Str: 22    XL:     6   Next: 1%
Magic:  6/6        EV:  9    Int:  8    God:
Gold:   89         SH: 10    Dex: 10    Spells: 5/5 levels left

rFire    . . .     SeeInvis +   a - +0 war axe
rCold    . . .     Gourm    .   c - +0 kite shield
rNeg     . . .     Faith    .   b - +0 scale mail
rPois    .         Spirit   .   (helmet unavailable)
rElec    .         Reflect  .   (no cloak)
rCorr    .         Harm     .   (no gloves)
MR       .....                  (no boots)
Stlth    ..........             (no amulet)
HPRegen  0.16/turn              (no ring)
MPRegen  0.10/turn              (no ring)

@: no status effects
A: permanent stasis, dig shafts and tunnels, four strong arms, antennae 3
a: Dig, Shaft Self


You were on level 3 of the Dungeon.
You were not hungry.

You visited 1 branch of the dungeon, and saw 3 of its levels.

You collected 89 gold pieces.

Inventory:

Hand Weapons
 a - a +0 war axe (weapon)
Missiles
 u - 2 poisoned darts (quivered)
Armour
 b - a +0 scale mail (worn)
 c - a +0 kite shield (worn)
Jewellery
 r - a cursed ring of attention {unknown}
 t - an uncursed ring of wizardry {unknown}
 w - a +2 amulet of reflection {unknown}
Scrolls
 d - a scroll of magic mapping {unknown}
 i - a scroll of noise {unknown}
 j - 2 scrolls of teleportation
 k - 3 scrolls of identify
 q - a scroll of random uselessness {unknown}
 s - a scroll of fear {unknown}
Potions
 g - a potion of berserk rage {unknown}
 h - a potion of stabbing {unknown}
 l - 2 potions of mutation {unknown}
 n - 2 potions of lignification
 o - a potion of degeneration {unknown}
 p - a potion of flight {unknown}
Comestibles
 f - 3 rations
 v - 5 chunks of flesh


   Skills:
 + Level 3.7 Fighting
 + Level 3.8 Axes
 + Level 4.0 Armour
 + Level 1.3 Dodging
 + Level 4.8 Shields


You had 5 spell levels left.
You didn't know any spells.
Your spell library was empty.

Dungeon Overview and Level Annotations

Branches:
Dungeon (2/15)

Altars:
Ashenzari

Annotations:
D:3 3 runed translucent doors, MisterAzrael's ghost, amateur SpEn


Innate Abilities, Weirdness & Mutations

You cannot be hasted, slowed, berserked, paralysed or teleported.
You can dig through walls and to a lower floor.
Your four strong arms can wield two-handed weapons with a shield.
You have a pair of large antennae on your head. (SInv)


Message History

You kill the rat!
You block the centaur's attack. x2
You slash the centaur!
The centaur is almost dead.
You block the centaur's attack.
You closely miss the centaur.
The centaur is almost dead.
The centaur closely misses you.
The centaur hits you with a cursed -2 shortbow.
* * * LOW HITPOINT WARNING * * *
You hit the centaur but do no damage.
The centaur is almost dead.
The centaur hits you with a cursed -2 shortbow.
* * * LOW HITPOINT WARNING * * *
The centaur closely misses you.
You closely miss the centaur.
The centaur is almost dead.
The centaur closely misses you.
The centaur hits you with a cursed -2 shortbow.
You die...

###..#.. .. .# #...#.
###. ..##.# #.#######
......!<.######.##.#.##
##..#...........##.#...
#.....#....# #.........
#.#... #...####........
##.#.#†##...........#...
.......@....####...##..<
##...##c................
#.#. ##.....##.........
#...###....####.###....
#)...(..# #.# #.#.#
#.#.)...## ### #.#.# {
#÷c.)....# #####^#.#
#..###†###.###.......#
#c#. #.##......#......


You could see a centaur.

Vanquished Creatures
  2 orc wizards (D:3)
  An iguana (D:3)
  6 adders (D:3)
  An ooze (D:1)
  A leopard gecko (D:3)
  5 orcs (D:3)
  4 giant cockroaches
  3 goblins
  4 hobgoblins
  5 kobolds
  A ball python (D:3)
  3 bats
  5 frilled lizards
  7 rats
48 creatures vanquished.

Notes
Turn   | Place    | Note
-------+----------+-------------------------------------------
     0 | D:1      | robertstho the Formicid Fighter began the quest for the
                  | Orb.
     0 | D:1      | Reached XP level 1. HP: 18/18 MP: 1/1
   134 | D:1      | Reached XP level 2. HP: 19/24 MP: 2/2
   345 | D:1      | Reached XP level 3. HP: 29/29 MP: 3/3
   906 | D:2      | You fall into a shaft and drop 1 floor!
   906 | D:3      | Found a shattered altar of Ashenzari.
   937 | D:3      | Found a runed translucent gate.
   937 | D:3      | Found a runed translucent gate.
   937 | D:3      | Found a runed translucent gate.
   940 | D:3      | Noticed MisterAzrael's ghost (amateur SpEn)
  1021 | D:3      | Reached XP level 4. HP: 36/36 MP: 4/4
  1572 | D:3      | Reached XP level 5. HP: 36/42 MP: 5/5
  1595 | D:3      | Reached skill level 1 in Dodging
  1664 | D:3      | Noticed a centaur
  1680 | D:3      | Reached XP level 6. HP: 13/48 MP: 6/6
  1685 | D:3      | HP: 2/48 [centaur/cursed -2 shortbow (4)]
  1686 | D:3      | Slain by a centaur

Levels and vault maps discovered:
D:1:      sevenhm_arrival_forest_fort_large_4, layout_loops_cross, st_stairs_5,
          minmay_pentomino_q4
D:2:      layout_rooms
D:3:      layout_rooms, marbit_many_paths, nicolae_overflow_hidden_temple,
          gammafunk_ghost_necromancy, minmay_starry_boxes

Skill      XL: |  1  2  3  4  5 |
---------------+----------------+-----
Shields        | 4 |  4.8
Axes           | 3 |  3.8
Dodging        | 1 |  1.3
Armour         | 4 |  4.0
Fighting       | |  3.7

Action                   |  1- 3 |  4- 6 || total
-------------------------+-------+-------++-------
Melee: War axe           |    63 |    79 ||   142
Throw: Dart              |       |     1 ||     1
  Use: Potion            |       |     7 ||     7
       Scroll            |       |     2 ||     2
  Eat: Chunk             |       |     3 ||     3
Armor: Scale mail        |    28 |    33 ||    61
       Skin              |       |     6 ||     6
Dodge: Dodged            |    17 |    29 ||    46
Block: Kite shield       |    24 |    52 ||    76

Table legend:
 A = Non-vault XP
 B = Vault XP
 C = Vault XP percentage of total XP
 D = Non-vault monster count
 E = Vault monster count
 F = Vault count percentage of total count
                 A         B        C        D         E       F
            +---------+---------+-------+---------+---------+-------
      Total |     230 |      42 |  15.4 |      37 |      11 |  22.9
            +---------+---------+-------+---------+---------+-------
        D:1 |      29 |       7 |  19.4 |      14 |       5 |  26.3
        D:2 |       2 |       0 |   0.0 |       1 |       0 |   0.0
        D:3 |     199 |      35 |  15.0 |      22 |       6 |  21.4
            +---------+---------+-------+---------+---------+-------
